[Event "December 12 Early 2023"]
[Site "https://www.chess.com"]
[Date "2023.12.12"]
[Round "11"]
[White "Guzman Lozano, Campo Elias"]
[Black "Sarkar, Justin"]
[Result "1/2-1/2"]
[Board "129"]
[TimeControl "180+1"]
[WhiteFideId "4403746"]
[BlackFideId "2010011"]
[WhiteElo "2189"]
[BlackElo "2284"]
[WhiteTeam "COL"]
[BlackTeam "USA"]
[WhiteClock "0:01:21"]
[BlackClock "0:00:21"]

1. d4 Nf6 2. Bg5 c5 3. d5 Ne4 4. Bf4 Qb6 5. Nc3 Nxc3 6. bxc3 d6 7. e4 g6 8. Rb1 Qa5 9. Bd2 Bg7 10. Bb5+ Bd7 11. Bxd7+ Nxd7 12. Rxb7 Bxc3 13. Nf3 Nb6 14. O-O Bxd2 15. Qxd2 Qxd2 16. Nxd2 f6 17. Ra1 Kf7 18. a4 Rhb8 19. Rc7 Rc8 20. Rb7 Rcb8 21. Rc7 Rc8 22. Rb7 Rcb8 1/2-1/2

[Event "December 12 Early 2023"]
[Site "https://www.chess.com"]
[Date "2023.12.12"]
[Round "11"]
[White "Reinecke, Katharina"]
[Black "Skurikhin, Dmitrij"]
[Result "0-1"]
[Board "132"]
[TimeControl "180+1"]
[WhiteFideId "12929727"]
[BlackFideId "4161297"]
[WhiteElo "2014"]
[BlackElo "2250"]
[WhiteTeam "GER"]
[BlackTeam "RUS"]
[WhiteClock "0:00:05"]
[BlackClock "0:02:19"]

1. d4 b6 2. Nf3 Bb7 3. g3 g6 4. Bg2 Bg7 5. O-O d6 6. c3 Nd7 7. Nbd2 e6 8. e4 Ne7 9. Qe2 O-O 10. h4 a5 11. Ng5 Ba6 12. c4 d5 13. b3 Bxd4 14. Rb1 h6 15. Ngf3 Bg7 16. Re1 dxc4 17. bxc4 Nc5 18. Bb2 Bxb2 19. Rxb2 Nd3 20. Reb1 Nxb2 21. Rxb2 Nc6 22. e5 Nd4 23. Nxd4 Qxd4 24. Rc2 Rad8 25. Kh2 Qd3 26. Qd1 Bxc4 27. Rxc4 Qxd2 28. Qb1 Qxf2 29. Rxc7 Rd2 30. Qh1 Rd3 31. Qg1 Qxg3+ 32. Kh1 Qxh4+ 33. Qh2 Rd1+ 34. Bf1 Rxf1+ 35. Kg2 Rf2+ 36. Kg1 Qxh2# 0-1